 Dungeon Crawl Stone Soup version 0.28-a0-768-g8c92f1e708 (webtiles) character file.

Game seed: 2449342374044231992

12716 Conn the Arsonist (level 11, -8/64 HPs)
             Began as an Octopode Fire Elementalist on Oct 31, 2021.
             Was a Follower of Sif Muna.
             Mangled by a two-headed ogre (12 damage)
             ... on level 11 of the Dungeon.
             The game lasted 00:45:00 (13677 turns).

Conn the Arsonist (Octopode Fire Elementalist)     Turns: 13677, Time: 00:45:00

Health: -8/64      AC:  3    Str: 13    XL:     11   Next: 97%
Magic:  23/23      EV:  8    Int: 24    God:    Sif Muna [*.....]
Gold:   604        SH:  0    Dex: 17    Spells: 5/27 levels left

rFire   + . .      SeeInvis .   b - staff of fire
rCold   . . .      Faith    .   (no shield)
rNeg    . . .      Spirit   .   B - +2 hat
rPois   +          Reflect  .   i - amulet of the acrobat
rElec   .          Harm     .   m - ring of resist corrosion
rCorr   +          Rampage  .   s - +6 ring of strength
Will    .....                   v - ring of flight
Stlth   +++.......              c - ring of Vivann {Contam rPois Int+3 Dex+4 Stlth-}
HPRegen 0.20/turn               (no ring)
MPRegen 0.18/turn               (no ring)
                                (no ring)
                                (no ring)

@: about to teleport, petrifying (expiring), flying, very slow
A: almost no armour, amphibious, 8 rings, camouflage 1, gelatinous body 1,
(nimble swimmer 1), tentacles
a: Renounce Religion, Channel Magic


You were on level 11 of the Dungeon.
You worshipped Sif Muna.
Sif Muna was aware of your devotion.
You visited 2 branches of the dungeon, and saw 12 of its levels.

You collected 662 gold pieces.
You spent 58 gold pieces at shops.

Inventory:

Hand Weapons
 a - a +2 dagger of protection
 d - a +0 dagger
 o - a +0 short sword
 F - the +7 hunting sling "Beetlebane" {venom, rPois rF+ Int+4}
   (You found it on level 8 of the Dungeon)

   Any ammunition fired from it poisons the flesh of those it strikes.
   Int:       It affects your intelligence (+4).
   rF:        It protects you from fire.
   rPois:     It protects you from poison.
Missiles
 p - 46 poisoned darts (quivered)
 E - a curare-tipped dart
Armour
 l - a +1 buckler
 A - a +0 buckler
 B - a +2 hat (worn)
Magical Staves
 b - a staff of fire (weapon)
Jewellery
 c - the ring of Vivann (on tentacle) {Contam rPois Int+3 Dex+4 Stlth-}
   (You acquired it on level 6 of the Dungeon)

   [ring of poison resistance]

   Int:       It affects your intelligence (+3).
   Dex:       It affects your dexterity (+4).
   rPois:     It protects you from poison.
   Contam:    It causes magical contamination when unequipped.
   Stlth:     It makes you less stealthy.
 i - an amulet of the acrobat (around mantle)
 m - a ring of resist corrosion (left tentacle)
 s - a +6 ring of strength (right tentacle)
 v - a ring of flight (on tentacle)
 y - a ring of ice
Wands
 t - a wand of polymorph (8)
 u - a wand of flame (10)
 C - a wand of iceblast (15)
 H - a wand of charming (12)
 J - a wand of acid (7)
 L - a wand of paralysis (6)
Scrolls
 e - 2 scrolls of amnesia
 j - 3 scrolls of teleportation
 q - a scroll of immolation
 w - a scroll of brand weapon
 x - a scroll of magic mapping
 K - a scroll of fog
Potions
 g - 2 potions of brilliance
 h - 2 potions of magic
 k - 2 potions of lignification
 n - 4 potions of flight
 r - a potion of curing
 D - a potion of invisibility
 G - 2 potions of mutation
 I - 3 potions of attraction


   Skills:
 + Level 2.1 Fighting
 + Level 2.5 Short Blades
 + Level 0.3 Staves
 + Level 1.1 Throwing
 + Level 4.7 Dodging
 + Level 5.5 Stealth
 + Level 1.1 Unarmed Combat
 + Level 8.5 Spellcasting
 * Level 9.2 Conjurations
 + Level 2.5 Hexes
 + Level 2.3 Summonings
 * Level 11.3 Fire Magic
 * Level 1.7 Earth Magic
 * Level 2.5 Invocations
 + Level 0.2 Evocations


You had 5 spell levels left.
You knew the following spells:

 Your Spells              Type           Power      Damage    Failure   Level
a - Foxfire               Conj/Fire      100%       2x1d9     1%          1
b - Conjure Flame         Conj/Fire      73%        6-21      1%          3
c - Inner Flame           Hex/Fire       60%        N/A       1%          3
d - Flame Wave            Conj/Fire      73%        3d13      1%          4
e - Scorch                Fire           100%       2d10      1%          2
f - Summon Guardian Gole  Hex/Summ       22%        N/A       7%          3
g - Iron Shot             Conj/Erth      18%        9d4       69%         6

Your spell library contained the following spells:

 Spells                   Type           Power      Damage    Failure   Level
 Summon Small Mammal      Summ           84%        N/A       2%          1
 Sandblast                Erth           36%        2d10      3%          1
 Animate Skeleton         Necr           20%        N/A       6%          1
 Apportation              Tloc           20%        N/A       6%          1
 Pain                     Necr           40%        1d6       6%          1
 Call Canine Familiar     Summ           21%        N/A       7%          3
 Vampiric Draining        Necr           5%         2d6       19%         3
 Leda's Liquefaction      Hex/Erth       10%        N/A       26%         4
 Petrify                  Tmut/Erth      14%        N/A       41%         4
 Lee's Rapid Deconstruct  Erth           9%         3d8*      63%         5
 Eringya's Noxious Bog    Tmut/Pois      5%         N/A       100%        6
 Statue Form              Tmut/Erth      9%         N/A       100%        6
 Lehudib's Crystal Spear  Conj/Erth      18%        10d5      100%        8


Dungeon Overview and Level Annotations

Branches:
Dungeon (11/15)            Temple (1/1) D:7            Lair (0/6) D:11
    Orc: D:9-12

Altars:
Ashenzari
Dithmenos
Hepliaklqana
Kikubaaqudgha
Makhleb
Ru
Sif Muna
Trog
Uskayaw
Vehumet
Wu Jian
Yredelemnul
Zin

Shops:
D:4 :   D:6 ***


Innate Abilities, Weirdness & Mutations

You cannot wear most types of armour.
You are amphibious.
You can wear up to eight rings at the same time.
Your skin changes colour to match your surroundings (Stealth+).
Your rubbery body absorbs attacks. (AC +1, EV +1)
((You are camouflaged near water. (Stealth+)))
You have tentacles for arms and can constrict up to eight enemies at once.


Message History

Unknown command.
Unknown command.
Unknown command.
The yak gores you.
The yak snorts and paws the ground.
The basilisk gazes at you.
You are slowing down.
You see here 10 gold pieces.
Okay, then.
Okay, then.
As you read the scroll of teleportation, it crumbles to dust.
You feel strangely unstable. The yak gores you!
The two-headed ogre hits you with a +0 giant spiked club!!
The two-headed ogre hits you with a +0 giant spiked club!
The yak barely misses you.
The basilisk bites you but does no damage.
The yak gores you!
* * * LOW HITPOINT WARNING * * *
The yak barely misses you. The water moccasin closely misses you.
Your limbs are stiffening.
Okay, then.
Okay, then.
Okay, then.
Unknown command.
Aiming: Charm
Press: ? - help, Shift-Dir - straight line, f - two-headed ogre
Aim: a two-headed ogre, wielding two +0 giant spiked clubs (chance to affect: 29%)
Okay, then.
Unknown command.
Unknown command.
You feel much better.
The two-headed ogre hits you with a +0 giant spiked club!
The two-headed ogre barely misses you. The water moccasin bites you.
The basilisk barely misses you. The yak gores you! The yak barely misses you.
The basilisk hisses menacingly.
The water moccasin bites you. The basilisk bites you.
The two-headed ogre hits you with a +0 giant spiked club!!
* * * LOW HITPOINT WARNING * * *
The two-headed ogre hits you with a +0 giant spiked club!!
You die...

. (.. ....
#.... ###..
#. .. #.##.
......#####
P....lS@YS#
.P....YlO.##
.......lY<.#
.P.....)†#.#
....P....#.#
P..........#
PP.P..P....#
..>.....^..#
P.P.P.....#


You could see a two-headed ogre, 3 yaks, 3 basilisks and 2 water moccasins.

Vanquished Creatures
  An ogre mage (D:9)
  8 two-headed ogres
  The ghost of skizzler the Destroyer, a novice DECj of Vehumet (D:9)
  Pikel (D:5)
  Grinder (D:5)
  A vampire (D:9)
  A wraith (D:9)
  Eustachio (D:4)
  5 wyverns
  A steam dragon (D:6)
  Menkaure (D:5)
  A two-headed ogre zombie (D:9)
  An acid dragon (D:8)
  3 water moccasins
  Duvessa (D:4)
  3 orc warriors
  16 ogres
  A lemure (D:5)
  A centaur (D:9)
  4 kobold brigands
  Blork the orc (D:5)
  4 bullfrogs
  A gnoll sergeant (D:7)
  Dowan (D:4)
  A water moccasin skeleton (D:6)
  4 wights (D:7)
  3 howler monkeys
  2 electric eels (D:8)
  2 centaur zombies
  2 hounds
  A bullfrog zombie (D:6)
  A centaur skeleton (D:7)
  2 gnoll shamans
  2 orc priests (D:8)
  Ijyb (D:4)
  3 iguanas
  7 orc wizards
  A hound zombie (D:5)
  A howler monkey zombie (D:7)
  12 gnolls
  2 howler monkey skeletons
  5 adders
  A white imp (D:6)
  2 worms
  A dart slug (D:1)
  24 orcs
  6 bats
  6 endoplasms
  4 giant cockroaches
  11 goblins
  5 hobgoblins
  3 jackals (D:2)
  5 quokkas
  11 ball pythons
  2 frilled lizards (D:2)
  16 kobolds
  8 rats
  A bush (D:9)
  A butterfly (D:7)
219 creatures vanquished.

Vanquished Creatures (others)
  A ynoxinul (D:9)
  A steam dragon (D:8)
  2 kobolds (D:6)
  850 foxfires
  A fungus (D:11)
  7 plants
862 creatures vanquished.

Grand Total: 1081 creatures vanquished

Notes
Turn   | Place    | Note
-------+----------+-------------------------------------------
     0 | D:1      | Conn the Octopode Fire Elementalist began the quest for the
                  | Orb.
     0 | D:1      | Reached XP level 1. HP: 11/11 MP: 3/3
   149 | D:1      | Reached XP level 2. HP: 17/17 MP: 0/5
   607 | D:1      | Reached XP level 3. HP: 21/21 MP: 1/6
   755 | D:1      | Got Zithruec's Grimoire of Cankerous Earth
   788 | D:1      | Learned a level 3 spell: Inner Flame
   813 | D:1      | Learned a level 3 spell: Conjure Flame
  1623 | D:2      | Found a shadowy altar of Dithmenos.
  1643 | D:2      | Reached XP level 4. HP: 27/27 MP: 3/8
  2757 | D:3      | Found a faded altar of an unknown god.
  3095 | D:4      | Found Marom's Book Boutique.
  3102 | D:4      | Noticed Ijyb
  3139 | D:4      | Killed Ijyb
  3140 | D:4      | Reached XP level 5. HP: 31/31 MP: 7/9
  3575 | D:4      | Reached skill level 4 in Fire Magic
  3754 | D:4      | Noticed Duvessa
  3754 | D:4      | Noticed Dowan
  3758 | D:4      | Killed Dowan
  3759 | D:4      | Reached XP level 6. HP: 36/36 MP: 5/10
  3765 | D:4      | Killed Duvessa
  4251 | D:5      | Entered Level 5 of the Dungeon
  4303 | D:5      | Noticed Grinder
  4397 | D:5      | Noticed Eustachio
  4422 | D:4      | Killed Eustachio
  4423 | D:4      | Reached skill level 1 in Unarmed Combat
  4423 | D:4      | Reached XP level 7. HP: 25/42 MP: 12/12
  4763 | D:4      | Learned a level 4 spell: Flame Wave
  4766 | D:4      | Learned a level 2 spell: Scorch
  4776 | D:5      | Reached skill level 1 in Short Blades
  4781 | D:5      | Killed Grinder
  4782 | D:5      | Reached skill level 5 in Fire Magic
  4798 | D:5      | Noticed Blork the orc
  4805 | D:5      | Killed Blork the orc
  4806 | D:5      | Reached skill level 1 in Fighting
  4806 | D:5      | Reached XP level 8. HP: 42/48 MP: 0/14
  5128 | D:5      | Noticed Pikel
  5144 | D:5      | Killed Pikel
  5145 | D:5      | Reached skill level 1 in Throwing
  5145 | D:5      | Reached skill level 6 in Fire Magic
  5304 | D:5      | Noticed Menkaure
  5314 | D:5      | Learned a level 3 spell: Summon Guardian Golem
  5324 | D:5      | Killed Menkaure
  5898 | D:6      | Reached XP level 9. HP: 47/53 MP: 9/16
  5912 | D:6      | Reached skill level 5 in Conjurations
  5912 | D:6      | Reached skill level 1 in Summonings
  6137 | D:6      | Identified 2 scrolls of acquirement
  6137 | D:6      | Acquired the ring of Vivann {Contam rPois Int+3 Dex+4
                  | Stlth-}
  6178 | D:6      | Acquired a staff of fire
  6260 | D:6      | Reached skill level 5 in Stealth
  6332 | D:6      | Reached skill level 5 in Spellcasting
  6392 | D:6      | Found Tanoig's Assorted Antiques.
  6404 | D:6      | Found Vedopeos's Assorted Antiques.
  6412 | D:6      | Bought a scroll of identify for 58 gold pieces
  6437 | D:6      | Reached skill level 1 in Hexes
  6705 | D:6      | Found Nenolosk's Assorted Antiques.
  6888 | D:7      | Reached skill level 7 in Fire Magic
  7588 | D:7      | Found a staircase to the Ecumenical Temple.
  7598 | Temple   | Entered the Ecumenical Temple
  7680 | Temple   | Became a worshipper of Sif Muna the Loreminder
  8391 | D:8      | Reached skill level 8 in Fire Magic
  8545 | D:8      | Reached XP level 10. HP: 36/60 MP: 11/18
  8696 | D:8      | Identified the +7 hunting sling "Beetlebane" {venom, rPois
                  | rF+ Int+4}
  9063 | D:8      | Found a faded altar of an unknown god.
  9063 | D:8      | Found a hazy altar of Hepliaklqana.
  9123 | D:8      | Found a burning altar of Makhleb.
  9125 | D:8      | Found a hide-covered altar of Uskayaw.
  9126 | D:8      | Found a radiant altar of Vehumet.
  9468 | D:10     | Entered Level 10 of the Dungeon
  9560 | D:10     | Noticed a two-headed ogre
  9570 | D:10     | Killed a two-headed ogre
  9595 | D:10     | Reached * piety under Sif Muna
  9788 | D:10     | Noticed a two-headed ogre
  9791 | D:10     | Reached skill level 9 in Fire Magic
  9796 | D:10     | Killed a two-headed ogre
 11343 | D:9      | Found a runed translucent door.
 11343 | D:9      | Noticed skizzler's ghost (novice DECj)
 11503 | D:9      | Reached skill level 10 in Fire Magic
 11708 | D:9      | Reached XP level 11. HP: 64/64 MP: 15/21
 11889 | D:9      | Noticed a two-headed ogre
 11942 | D:9      | Killed a two-headed ogre
 12051 | D:9      | Noticed a two-headed ogre
 12057 | D:9      | Killed a two-headed ogre
 12057 | D:9      | Noticed a two-headed ogre
 12059 | D:9      | Noticed a two-headed ogre
 12062 | D:9      | Noticed a two-headed ogre
 12088 | D:9      | Killed a two-headed ogre
 12371 | D:9      | Killed a two-headed ogre
 12562 | D:9      | Killed skizzler's ghost
 12563 | D:9      | Reached skill level 11 in Fire Magic
 12647 | D:9      | Got the Handbook of Clay
 12655 | D:9      | Learned a level 6 spell: Iron Shot
 12717 | D:9      | Noticed an ogre mage
 12944 | D:9      | Killed an ogre mage
 12945 | D:9      | Reached skill level 1 in Invocations
 13048 | D:9      | Killed a two-headed ogre
 13049 | D:9      | Reached skill level 1 in Earth Magic
 13163 | D:9      | Noticed a two-headed ogre
 13174 | D:9      | Killed a two-headed ogre
 13575 | D:11     | Noticed a two-headed ogre
 13575 | D:11     | Found a staircase to the Lair.
 13677 | D:11     | Mangled by a two-headed ogre

Illustrated notes

Levels and vault maps discovered:
D:1:      lemuel_arrival_tunnels, layout_basic, minmay_pentomino_z2
D:2:      layout_loops_ring, basic_altar, minmay_liquid_box
D:3:      layout_rooms, shapermc_ecumenical_altar_ellora
D:4:      layout_rooms, serial_shops, nicolae_shop_stone, uniq_duvessa,
          uniq_ijyb
D:5:      layout_cave_pools, uniq_menkaure, uniq_eustachio, uniq_grinder,
          uniq_pikel, uniq_blork_the_orc
D:6:      layout_basic, serial_shops, shop, nicolae_shop_behind_doors, shop
D:7:      layout_cave_pools, minmay_temple_entry_butterflies, serial_rivers,
          chequers_serial_rivers_micro_a, chequers_serial_rivers_room_a,
          chequers_serial_rivers_large_a, chequers_serial_rivers_small_3,
          chequers_serial_rivers_large_b, chequers_serial_rivers_marsh
D:8:      layout_gridville, chequers_temple_overflow_minitemple,
          nrook_pool_corridor, nicolae_zen_rock_garden
D:9:      lemuel_ogre_cave, layout_rooms, hellmonk_ghost_big_iron
D:10:     layout_layer_cave
D:11:     layout_cave_pools, minmay_lair_entry_grove, minmay_orc_keep,
          uniq_erolcha, uniq_gastronok
Temple:   dpeg_five_rooms_temple

Skill      XL: |  1  2  3  4  5  6  7  8  9 10 11 |
---------------+----------------------------------+-----
Stealth        | 3 4 5 |  5.5
Spellcasting   | 3 4 5 7 8 |  8.5
Conjurations   | 2 3 4 6 7 9 |  9.2
Fire Magic     | 4 5 6 8 10 11 | 11.3
Unarmed Combat | 1 |  1.1
Short Blades   | 1 2 |  2.5
Dodging        | 3 4 |  4.7
Fighting       | 1 2 |  2.1
Throwing       | 1 |  1.1
Summonings     | 2 |  2.3
Hexes          | 2 |  2.5
Invocations    | 2 |  2.5
Earth Magic    | 1 |  1.7
Staves         | |  0.3
Evocations     | |  0.2

Action                   |  1- 3 |  4- 6 |  7- 9 | 10-12 || total
-------------------------+-------+-------+-------+-------++-------
Melee: Unarmed           |     3 |    20 |       |       ||    23
       Constrict         |     2 |    16 |     8 |     1 ||    27
       Tentacles         |     1 |    10 |     8 |     7 ||    26
       Dagger            |    11 |    27 |    12 |       ||    50
       Short sword       |       |    42 |       |       ||    42
       Punch             |       |     1 |       |       ||     1
       Staff             |       |       |    15 |    15 ||    30
Throw: Dart              |       |     2 |     1 |       ||     3
       Throwing net      |       |     1 |       |       ||     1
 Cast: Foxfire           |    54 |    64 |   184 |   189 ||   491
       Inner Flame       |       |     1 |     8 |     9 ||    18
       Conjure Flame     |       |     1 |     3 |     9 ||    13
       Scorch            |       |       |     1 |     2 ||     3
       Flame Wave        |       |       |     2 |    14 ||    16
       Summon Guardian G |       |       |     2 |    12 ||    14
Invok: Channel Magic     |       |       |       |     1 ||     1
Evoke: Wand              |       |     2 |     1 |       ||     3
  Use: Scroll            |       |     9 |    11 |     7 ||    27
       Potion            |       |     3 |     1 |     2 ||     6
 Stab: Sleeping          |     3 |     4 |     2 |       ||     9
       Confused          |       |     1 |       |       ||     1
Armor: Skin              |     2 |    59 |     6 |    15 ||    82
Dodge: Dodged            |    24 |    88 |    28 |    71 ||   211

Table legend: (Time is in decaauts)
 A = Elapsed time spent in this place.
 B = Non-inter-level travel time spent in this place.
 C = Inter-level travel time spent in this place.
 D = Time resting spent in this place.
 E = Time spent auto-exploring this place.
 F = Levels seen in this place.
 G = Mean time per level.
                   A        B        C        D        E       F      G
               +--------+--------+--------+--------+--------+-----+--------+
         Total |  13698 |  13334 |    364 |   2358 |   8015 |  12 | 1141.5 |
       Dungeon |  13564 |  13252 |    312 |   2358 |   7944 |  11 | 1233.1 |
        Temple |    134 |     82 |     52 |      0 |     71 |   1 |  134.0 |
               +--------+--------+--------+--------+--------+-----+--------+

Top non-repeatable levels by time:
     D:9: 2133 daAuts
     D:8: 1787 daAuts
    D:10: 1781 daAuts
     D:4: 1505 daAuts
     D:1: 1306 daAuts
     D:6: 1257 daAuts
     D:2: 1094 daAuts
     D:5: 977 daAuts
     D:7: 850 daAuts
     D:3: 849 daAuts
  Temple: 134 daAuts
    D:11: 19 daAuts
